 Seeded DCSS version 0.30-a0-377-g5cb311bc9f (webtiles) character file.

Game seed: 20221205 (custom seed)

74951 McGhostyFace the Protected (level 15, -6/125 HPs)
             Began as a Gnoll Wanderer on Dec 1, 2022.
             Was a Priest of Ashenzari.
             Mangled by a troll (10 damage)
             ... on level 2 of the Orcish Mines.
             The game lasted 00:49:05 (16784 turns).

McGhostyFace the Protected (Gnoll Wanderer)        Turns: 16784, Time: 00:49:08

Health: -6/125     AC: 10    Str: 13    XL:     15   Next: 48%
Magic:  31/31      EV: 16    Int: 16    God:    Ashenzari [***...]
Gold:   1555       SH: 11    Dex: 22    Spells: 35/38 levels left

rFire   + . .      SeeInvis +    H - +7 Screaming Sword {vorpal, sonic wave, Fort, Melee} (curse)
rCold   + . .      Faith    .    e - +2 buckler of Ashenzari's Secrets {Alch, Elem} (curse)
rNeg    . . .      Spirit   .    x - +4 scale mail of Limited Liability {rF+ Regen+ Str+4}
rPois   +          Reflect  .    N - +1 helmet of the Omniscient the Ego {Contam rC+ Dex+3, Fort, Range} (curse)
rElec   .          Harm     .    A - scarf of the Unyielding Gaze {+Inv, Self, Fort} (curse)
rCorr   .          Rampage  .    (no gloves)
Will    +....      Clarity  +    n - +0 pair of boots "Seer of Ashenzari" {Elem, Fort} (curse)
Stlth   ++++......               b - amulet "Zustryt" {Regen+ Dex+2}
HPRegen 2.00/turn                X - ring of poison resistance
MPRegen 0.22/turn                D - ring of flight

@: corroded, flying
A: fangs 1, strong nose, distributed training, hooves 1, see invisible
a: Renounce Religion, Evoke Invisibility, Curse Item, Shatter the Chains


You were on level 2 of the Orcish Mines.
You worshipped Ashenzari.
Ashenzari was most pleased with you.
You visited 3 branches of the dungeon, and saw 20 of its levels.
You also visited: Bailey and Ice Cave.

You collected 1555 gold pieces.

Inventory:

Hand Weapons
 H - the cursed +7 Screaming Sword (weapon) {vorpal, sonic wave, Fort, Melee}
   (You found it on level 8 of the Dungeon)

   It inflicts extra damage upon your enemies.
   It radiates damaging sonic waves as it strikes, especially in combat
   involving dangerous or numerous foes.
   It has a curse which improves the following skills: Fortitude: Armour and
   Shields.
   Melee Combat: Short Blades, Long Blades, Axes, Maces & Flails, Polearms,
   Staves and Unarmed Combat.
Missiles
 w - 32 poisoned darts
 y - a throwing net (quivered)
 L - 8 curare-tipped darts
Armour
 e - the cursed +2 buckler of Ashenzari's Secrets (worn) {Alch, Elem}

   It has a curse which improves the following skills: Alchemy: Poison Magic and
   Transmutations.
   Elements:  Fire Magic, Ice Magic, Air Magic and Earth Magic.
 n - the cursed +0 pair of boots "Seer of Ashenzari" (worn) {Elem, Fort}
   (You found it on level 2 of the Dungeon)

   It has a curse which improves the following skills: Elements: Fire Magic, Ice
   Magic, Air Magic and Earth Magic.
   Fortitude: Armour and Shields.
 r - +0 acid dragon scales
 x - the +4 scale mail of Limited Liability (worn) {rF+ Regen+ Str+4}
   (You found it on level 4 of the Dungeon)

   Str:       It affects your strength (+4).
   rF:        It protects you from fire.
   Regen:     It increases your rate of health regeneration.
 A - the cursed scarf of the Unyielding Gaze (worn) {+Inv, Self, Fort}
   (You found it on level 5 of the Dungeon)

   It has a curse which improves the following skills: Introspection: Fighting
   and Spellcasting.
   Fortitude: Armour and Shields.
 M - a +1 cloak of poison resistance
 N - the cursed +1 helmet of the Omniscient the Ego (worn) {Contam rC+ Dex+3, Fort, Range}
   (You found it in a bailey)

   Dex:       It affects your dexterity (+3).
   rC:        It protects you from cold.
   Contam:    It causes magical contamination when unequipped.
   It has a curse which improves the following skills: Fortitude: Armour and
   Shields.
   Ranged Combat: Ranged Weapons and Throwing.
 S - a +1 crystal plate armour of cold resistance
 V - a +1 pair of boots
Jewellery
 b - the amulet "Zustryt" (around neck) {Regen+ Dex+2}
   (You found it on level 5 of the Lair of Beasts)

   [amulet of regeneration]

   Dex:       It affects your dexterity (+2).
   Regen:     It increases your rate of health regeneration.
 C - a ring of willpower
 D - a ring of flight (right hand)
 G - a ring of resist corrosion
 Q - a ring of ice
 R - a ring of protection from cold
 X - a ring of poison resistance (left hand)
Wands
 g - a wand of flame (5)
 k - a wand of mindburst (8)
 u - a wand of polymorph (2)
 v - a wand of roots (12)
 K - a wand of paralysis (3)
 W - a wand of digging (7)
Scrolls
 c - 2 scrolls of immolation
 d - 3 scrolls of blinking
 h - 4 scrolls of enchant armour
 i - 4 scrolls of amnesia
 j - 7 scrolls of noise
 l - 3 scrolls of enchant weapon
 m - a scroll of summoning
 o - 5 scrolls of fear
 p - 13 scrolls of teleportation
 z - 6 scrolls of magic mapping
 P - 4 scrolls of butterflies
Potions
 a - 10 potions of curing
 f - a potion of heal wounds
 q - 2 potions of brilliance
 s - a potion of invisibility
 t - 4 potions of ambrosia
 B - a potion of haste
 F - a potion of mutation
 I - a potion of might
 J - 2 potions of resistance
Miscellaneous
 O - a phial of floods
 T - a tin of tremorstones (1/2)
 U - a lightning rod (4/4)


   Skills:
 + Level 12.3(13.8) Fighting
 + Level 10.5(12.1) Short Blades
 + Level 10.5(12.1) Long Blades
 + Level 10.5(12.1) Axes
 + Level 10.5(12.1) Maces & Flails
 + Level 10.5(12.1) Polearms
 + Level 10.5(12.1) Staves
 + Level 10.5(12.1) Ranged Weapons
 + Level 10.5(12.1) Throwing
 + Level 12.3(16.2) Armour
 + Level 10.5 Dodging
 + Level 10.5 Stealth
 + Level 11.4(15.3) Shields
 + Level 10.5(12.1) Unarmed Combat
 + Level 10.5(12.1) Spellcasting
 + Level 8.8 Conjurations
 + Level 8.8 Hexes
 + Level 8.8 Summonings
 + Level 8.8 Necromancy
 + Level 8.8 Translocations
 + Level 8.8(10.4) Transmutations
 + Level 8.8(11.3) Fire Magic
 + Level 8.8(11.3) Ice Magic
 + Level 8.8(11.3) Air Magic
 + Level 8.8(11.3) Earth Magic
 + Level 8.8(10.4) Poison Magic
 + Level 11.4 Invocations
 + Level 11.4 Evocations


You had 35 spell levels left.
You knew the following spells:

 Your Spells              Type           Power      Damage    Failure   Level
a - Call Canine Familiar  Summ           37%        N/A       1%          3

Your spell library contained the following spells:

 Spells                   Type           Power      Damage    Failure   Level
 Necrotise                Necr           100%       1d9       1%          1
 Sandblast                Erth           90%        2d19      1%          1
 Summon Small Mammal      Summ           100%       N/A       1%          1
 Passwall                 Tmut/Erth      36%        N/A       1%          2
 Scorch                   Fire           90%        2d10      1%          2
 Sublimation of Blood     Necr           37%        N/A       1%          2
 Gell's Gravitas          Tloc           37%        N/A       1%          3
 Hailstorm                Conj/Ice       41%        3d10      1%          3
 Ignite Poison            Fire/Tmut/Pois 44%        N/A       1%          3
 Kindle Blastsparks       Fire/Tloc/Air  86%        2d17      1%          3
 Lesser Beckoning         Tloc           74%        N/A       1%          3
 Ozocubu's Armour         Ice            45%        N/A       1%          3
 Stone Arrow              Conj/Erth      82%        3d12      1%          3
 Summon Guardian Golem    Hex/Summ       37%        N/A       1%          3
 Teleport Other           Tloc           37%        N/A       1%          3
 Vampiric Draining        Necr           37%        2d8       1%          3
 Ice Form                 Ice/Tmut       44%        N/A       2%          4
 Petrify                  Tmut/Erth      44%        N/A       2%          4
 Flame Wave               Conj/Fire      41%        2d11      3%          4
 Sticky Flame             Conj/Fire      41%        2d6       3%          4
 Summon Lightning Spire   Summ/Air       41%        N/A       3%          4
 Freezing Cloud           Conj/Ice/Air   21%        6-21      9%          5
 Metabolic Englaciation   Hex/Ice        20%        N/A       11%         5
 Irradiate                Conj/Tmut      20%        3d18      12%         5
 Agony                    Necr           37%        N/A       17%         5
 Iskenderun's Battlesphe  Conj           37%        2d9       17%         5
 Iron Shot                Conj/Erth      20%        9d5       50%         6
 Simulacrum               Ice/Necr       20%        N/A       50%         6
 Dispersal                Tloc           18%        N/A       67%         6
 Summon Cactus Giant      Summ           18%        N/A       67%         6
 Storm Form               Tmut/Air       22%        N/A       93%         7
 Orb of Destruction       Conj           18%        9d8       99%         7
 Spellforged Servitor     Conj/Summ      18%        N/A       99%         7
 Ignition                 Fire           22%        3d8       100%        8
 Maxwell's Capacitive Co  Air            22%        ∞         100%        8


Dungeon Overview and Level Annotations

Branches:
Dungeon (13/15)            Temple (0/1) D:5            Lair (5/5) D:11
  Swamp (0/4) Lair:3       Spider (0/4) Lair:2        Slime (0/5) Lair:5
    Orc (2/2) D:12         Bailey (visited)           IceCv (visited)
    Elf: Orc:2       Vaults: D:13-14

Altars:
Ashenzari
Cheibriados
Dithmenos
Fedhas
Gozag
Hepliaklqana
Makhleb
Okawaru
Sif Muna
Vehumet
Jiyva

Shops:
D:9 (   Orc:1 *   Orc:2 *


Innate Abilities, Weirdness & Mutations

You have very sharp teeth.
Your uncanny sense of smell can sniff out nearby items.
Your experience applies equally to all skills.
You have large cloven feet.
You have supernaturally acute eyesight. (SInv)


Message History

An orc warrior comes into view. It is wielding a +2 vorpal flail.
The troll closely misses you. The troll barely misses you.
You block the troll's attack.
The orc warrior unwields a +0 scimitar.
The orc warrior wields a +0 arbalest.
The orc warrior shoots a bolt.
You block the bolt.
The orc high priest mumbles some strange prayers.
Things that are here:
a +2 war axe of freezing; a +0 plate armour You slash the troll!
You bite the troll, but do no damage.
The troll is heavily wounded.
The orc warrior misses you. The troll bites you.
* * * LOW HITPOINT WARNING * * *
The troll claws you but does no damage. The troll misses you.
The orc warrior shoots a bolt.
You block the bolt.
You hit the troll.
The troll is severely wounded.
A warg comes into view.
You block the orc warrior's attack. You block the troll's attack.
The troll misses you. x2
The orc high priest prays to Beogh.
The orc warrior shoots a bolt.
The bolt closely misses you.
The warg howls!
You hit the troll but do no damage. You bite the troll, but do no damage.
The troll is heavily wounded.
A nearby fungus withers and dies.
The orc warrior hits you from afar with a +0 trident.
* * * LOW HITPOINT WARNING * * *
You block the troll's attack. The troll misses you.
The troll barely misses you.
The orc high priest mumbles some strange prayers to Beogh against you.
Beogh smites you!
* * * LOW HITPOINT WARNING * * *
You hit the troll but do no damage. You bite the troll.
The troll is heavily wounded.
You block the sixfirhy's attack.
A warg comes into view.
The orc warrior hits you from afar with a +0 trident!
* * * LOW HITPOINT WARNING * * *
The troll bites you!
You die...

, ,
.........<.......
.#.h.))........... ,
,
#.o)....$........P,,
#..h.........$... ,
.#..h........).... ,
#........)........
∩, *
...o#..o.))......P
.......).)..)..... *
.......3@T....... ,,
* .......))...)..#.
, ,
...).).....o.....
...).............,
....8............ ,
, ,
..∩.......#...#.., ,
, .............##..
, ..........#.## * ,
, , ,,


You could see an orc high priest (strong), a troll, a sixfirhy (summoned), 3
wargs and 3 orc warriors.

Vanquished Creatures
  Rupert (D:12)
  A reaper (IceCv)
  An orc warlord (Orc:2)
  4 dire elephants (Lair:5)
  Snorg (D:11)
  An ice dragon (D:12)
  Erolcha (D:11)
  3 hydras
  A centaur warrior (D:10)
  A two-headed ogre (D:10)
  7 death yaks
  2 orc high priests (Orc:2)
  Sonja (Lair:5)
  A spectral death yak (Lair:5)
  A spectral anaconda (Lair:5)
  Lodul (D:11)
  A bog body (Lair:3)
  An obsidian statue (Lair:5)
  3 orc knights
  2 deep elf pyromancers
  4 necromancers (Lair:5)
  An ugly thing (D:12)
  2 orc sorcerers (Orc:2)
  31 elephants
  3 cyclopes
  3 black mambas
  2 ice statues (IceCv)
  Joseph (D:8)
  10 cane toads
  An unseen horror (D:11)
  3 rime drakes
  5 komodo dragons
  A kobold demonologist (D:11)
  6 ice devils (IceCv)
  4 trolls
  18 blink frogs
  7 polar bears
  A spectral elephant (Lair:5)
  6 slime creatures (D:13)
  6 dream sheep (Lair:3)
  A spriggan (D:9)
  A dire elephant simulacrum (Lair:5)
  3 culicivoras (Lair:2)
  3 wraiths (D:11)
  A vampire (D:11)
  53 yaks
  3 basilisks
  3 wyverns
  Grum (D:11)
  3 vampire mosquitoes (D:12)
  A steam dragon (D:7)
  2 wargs
  Edmund (D:4)
  4 death yak simulacra
  2 spectral cane toads (Lair:5)
  2 acid dragons
  2 hydra simulacra (IceCv)
  16 water moccasins
  An elephant zombie (Lair:5)
  4 ice beasts
  A sky beast (D:6)
  16 orc warriors
  8 ogres
  24 wolves
  A centaur (D:7)
  13 bullfrogs
  4 kobold brigands
  A necrophage (D:5)
  2 cane toad simulacra
  7 scorpions
  3 two-headed ogre simulacra (IceCv)
  9 wights
  9 killer bees
  4 elephant simulacra
  2 howler monkeys
  4 gnoll boudas
  A hound (D:7)
  6 jellies
  10 orc priests
  5 iguanas
  7 orc wizards
  A polar bear simulacrum (IceCv)
  A spriggan simulacrum (IceCv)
  4 troll simulacra (IceCv)
  18 gnolls
  11 adders
  5 white imps
  5 ufetubi
  2 worms
  4 dart slugs
  33 orcs
  5 ball pythons
  14 bats
  2 endoplasms (D:1)
  2 giant cockroaches
  4 goblins
  7 hobgoblins
  5 jackals
  16 kobolds
  3 quokkas
  4 frilled lizards
  8 rats
548 creatures vanquished.

Vanquished Creatures (others)
  A wight (D:7)
  57 fungi
  49 plants
  33 withered plants (Lair:5)
140 creatures vanquished.

Grand Total: 688 creatures vanquished

Notes
Turn   | Place    | Note
-------+----------+-------------------------------------------
     0 | D:1      | McGhostyFace the Gnoll Wanderer began the quest for the
                  | Orb.
     0 | D:1      | McGhostyFace set off with the following items: a +0 dagger,
                  | a potion of curing, a +0 scale mail, a scroll of blinking,
                  | a +2 buckler.
     0 | D:1      | Reached XP level 1. HP: 23/23 MP: 1/1
    46 | D:1      | Reached XP level 2. HP: 24/29 MP: 2/2
   301 | D:1      | Reached XP level 3. HP: 4/35 MP: 3/3
   888 | D:2      | Found a broken altar of Ashenzari.
   905 | D:2      | Became a worshipper of Ashenzari the Shackled
   926 | D:2      | Reached skill level 1 in Invocations
  1355 | D:2      | Reached skill level 1 in Short Blades
  1355 | D:2      | Reached skill level 1 in Long Blades
  1355 | D:2      | Reached skill level 1 in Axes
  1355 | D:2      | Reached skill level 1 in Maces & Flails
  1355 | D:2      | Reached skill level 1 in Polearms
  1355 | D:2      | Reached skill level 1 in Staves
  1355 | D:2      | Reached skill level 1 in Ranged Weapons
  1355 | D:2      | Reached skill level 1 in Throwing
  1355 | D:2      | Reached skill level 1 in Dodging
  1355 | D:2      | Reached skill level 1 in Stealth
  1355 | D:2      | Reached skill level 1 in Unarmed Combat
  1355 | D:2      | Reached skill level 1 in Spellcasting
  1459 | D:2      | Reached XP level 4. HP: 37/41 MP: 5/5
  2035 | D:3      | Reached skill level 1 in Conjurations
  2035 | D:3      | Reached skill level 1 in Hexes
  2035 | D:3      | Reached skill level 1 in Summonings
  2035 | D:3      | Reached skill level 1 in Necromancy
  2035 | D:3      | Reached skill level 1 in Translocations
  2035 | D:3      | Reached skill level 1 in Transmutations
  2035 | D:3      | Reached skill level 1 in Fire Magic
  2035 | D:3      | Reached skill level 1 in Ice Magic
  2035 | D:3      | Reached skill level 1 in Air Magic
  2035 | D:3      | Reached skill level 1 in Earth Magic
  2035 | D:3      | Reached skill level 1 in Poison Magic
  2035 | D:3      | Reached * piety under Ashenzari
  2188 | D:4      | Found a shadowy altar of Dithmenos.
  2299 | D:4      | Reached XP level 5. HP: 28/47 MP: 5/7
  2475 | D:4      | Noticed Edmund
  2476 | D:4      | Identified the +4 scale mail of Limited Liability {rF+
                  | Regen+ Str+4}
  2487 | D:4      | Killed Edmund
  2488 | D:4      | Reached XP level 6. HP: 38/53 MP: 0/8
  2673 | D:4      | Reached skill level 5 in Shields
  2673 | D:4      | Reached skill level 5 in Evocations
  2698 | D:5      | Entered Level 5 of the Dungeon
  2772 | D:5      | Reached XP level 7. HP: 50/60 MP: 10/10
  3204 | D:5      | Found a staircase to the Ecumenical Temple.
  3373 | D:5      | Gained mutation: You have supernaturally acute eyesight.
                  | (SInv) [potion of mutation]
  3373 | D:5      | Gained mutation: You have large cloven feet. [potion of
                  | mutation]
  3590 | D:6      | Reached XP level 8. HP: 63/67 MP: 12/12
  3838 | D:6      | Found a shimmering blue altar of Sif Muna.
  3925 | D:6      | Reached ** piety under Ashenzari
  4657 | D:7      | Reached XP level 9. HP: 64/76 MP: 16/16
  5094 | D:7      | Found a broken altar of Ashenzari.
  5094 | D:7      | Found a blossoming altar of Fedhas.
  5680 | D:8      | Noticed Joseph
  5701 | D:8      | Killed Joseph
  5752 | D:8      | Reached skill level 5 in Invocations
  5798 | D:8      | Found an iron altar of Okawaru.
  5954 | D:8      | Reached skill level 5 in Short Blades
  5954 | D:8      | Reached skill level 5 in Long Blades
  5954 | D:8      | Reached skill level 5 in Axes
  5954 | D:8      | Reached skill level 5 in Maces & Flails
  5954 | D:8      | Reached skill level 5 in Polearms
  5954 | D:8      | Reached skill level 5 in Staves
  5954 | D:8      | Reached skill level 5 in Ranged Weapons
  5954 | D:8      | Reached skill level 5 in Throwing
  5954 | D:8      | Reached skill level 5 in Dodging
  5954 | D:8      | Reached skill level 5 in Stealth
  5954 | D:8      | Reached skill level 5 in Unarmed Combat
  5954 | D:8      | Reached skill level 5 in Spellcasting
  5954 | D:8      | Reached XP level 10. HP: 69/83 MP: 19/19
  6002 | D:8      | Found an opulent altar of Gozag.
  6800 | D:8      | Found the +7 Singing Sword {vorpal, sonic wave}
  7096 | D:9      | Found Inay's Weapon Shoppe.
  7313 | D:9      | Found a faded altar of an unknown god.
  7315 | D:9      | Found a hazy altar of Hepliaklqana.
  7558 | D:10     | Entered Level 10 of the Dungeon
  7558 | D:10     | Found a burning altar of Makhleb.
  7579 | D:10     | Noticed a centaur warrior
  7592 | D:10     | Killed a centaur warrior
  7599 | D:10     | Found a flagged portal.
  7612 | Bailey   | Entered a bailey
  7763 | Bailey   | Found a large runed translucent door.
  7763 | Bailey   | Found a large runed translucent door.
  7765 | Bailey   | Noticed an orc knight
  7767 | Bailey   | Noticed a deep elf pyromancer
  7773 | Bailey   | Identified the +2 scale mail of Dyspraxia {+Inv rPois rF-
                  | rN+}
  7773 | Bailey   | Identified the +1 helmet of Dithmenos, Sheltering {Contam
                  | rC+ Dex+3}
  7784 | Bailey   | Killed an orc knight
  7785 | Bailey   | Reached skill level 5 in Conjurations
  7785 | Bailey   | Reached skill level 5 in Hexes
  7785 | Bailey   | Reached skill level 5 in Summonings
  7785 | Bailey   | Reached skill level 5 in Necromancy
  7785 | Bailey   | Reached skill level 5 in Translocations
  7785 | Bailey   | Reached skill level 5 in Transmutations
  7785 | Bailey   | Reached skill level 5 in Fire Magic
  7785 | Bailey   | Reached skill level 5 in Ice Magic
  7785 | Bailey   | Reached skill level 5 in Air Magic
  7785 | Bailey   | Reached skill level 5 in Earth Magic
  7785 | Bailey   | Reached skill level 5 in Poison Magic
  7785 | Bailey   | Reached XP level 11. HP: 71/91 MP: 21/21
  7841 | Bailey   | Killed a deep elf pyromancer
  7993 | D:10     | Found a snail-covered altar of Cheibriados.
  8087 | D:10     | Found a radiant altar of Vehumet.
  8117 | D:10     | Learned a level 3 spell: Call Canine Familiar
  8481 | D:10     | Reached *** piety under Ashenzari
  8769 | D:10     | Noticed a two-headed ogre
  8773 | D:10     | Killed a two-headed ogre
  8880 | D:11     | Noticed a cyclops
  8888 | D:11     | Killed a cyclops
  8894 | D:11     | Noticed Erolcha
  8898 | D:11     | Noticed Lodul
  8906 | D:11     | Killed Erolcha
  8908 | D:11     | Killed Lodul
  9006 | D:11     | Reached XP level 12. HP: 69/100 MP: 24/24
  9266 | D:11     | Noticed Grum
  9277 | D:11     | Killed Grum
  9338 | D:11     | Found a staircase to the Lair.
  9442 | D:11     | Noticed Snorg
  9457 | D:11     | Killed Snorg
  9747 | D:12     | Noticed Rupert
  9750 | D:12     | Paralysed by Rupert for 4 turns
  9768 | D:12     | HP: 1/100 [Rupert/+1 great mace of protection (15)]
  9770 | D:12     | Killed Rupert
  9771 | D:12     | Reached skill level 10 in Fighting
  9771 | D:12     | Reached skill level 10 in Armour
  9872 | D:12     | Found a staircase to the Orcish Mines.
  9897 | D:12     | Found a frozen archway.
  9898 | D:12     | Noticed an ice dragon
  9909 | D:12     | Killed an ice dragon
  9923 | IceCv    | Entered an ice cave
 10363 | IceCv    | Noticed a reaper
 10372 | IceCv    | Killed a reaper
 10373 | IceCv    | Reached XP level 13. HP: 63/108 MP: 26/26
 11404 | Lair:1   | Entered Level 1 of the Lair of Beasts
 12381 | Lair:2   | Reached skill level 10 in Shields
 12381 | Lair:2   | Reached skill level 10 in Evocations
 12576 | Lair:2   | Found a hole to the Spider Nest.
 12841 | Lair:3   | Found a staircase to the Swamp.
 13069 | Lair:3   | Reached skill level 10 in Invocations
 13069 | Lair:3   | Reached XP level 14. HP: 39/116 MP: 28/28
 13279 | Lair:3   | Reached **** piety under Ashenzari
 13984 | Lair:4   | Identified the +9 glaive of Oppumuf {vorpal, *Noise rPois
                  | Int+3 SInv}
 14614 | Lair:5   | Entered Level 5 of the Lair of Beasts
 14639 | Lair:4   | HP: 2/121 [death yak (14)]
 14914 | Lair:5   | Noticed Sonja
 14916 | Lair:5   | Killed Sonja
 15159 | Lair:5   | Noticed a dire elephant
 15160 | Lair:5   | Noticed a dire elephant
 15161 | Lair:5   | Noticed a dire elephant
 15162 | Lair:5   | Noticed a dire elephant
 15183 | Lair:5   | Killed a dire elephant
 15186 | Lair:5   | Reached skill level 10 in Short Blades
 15186 | Lair:5   | Reached skill level 10 in Long Blades
 15186 | Lair:5   | Reached skill level 10 in Axes
 15186 | Lair:5   | Reached skill level 10 in Maces & Flails
 15186 | Lair:5   | Reached skill level 10 in Polearms
 15186 | Lair:5   | Reached skill level 10 in Staves
 15186 | Lair:5   | Reached skill level 10 in Ranged Weapons
 15186 | Lair:5   | Reached skill level 10 in Throwing
 15186 | Lair:5   | Reached skill level 10 in Dodging
 15186 | Lair:5   | Reached skill level 10 in Stealth
 15186 | Lair:5   | Reached skill level 10 in Unarmed Combat
 15186 | Lair:5   | Reached skill level 10 in Spellcasting
 15435 | Lair:5   | Identified the amulet "Zustryt" {Regen+ Dex+2}
 15437 | Lair:5   | Reached XP level 15. HP: 127/127 MP: 32/32
 15934 | Lair:5   | Found a viscous altar of Jiyva.
 15934 | Lair:5   | Found a staircase to the Slime Pits.
 16549 | Orc:1    | Entered Level 1 of the Orcish Mines
 16549 | Orc:1    | Found Vunibokh's Assorted Antiques.
 16567 | Orc:1    | Found a burning altar of Makhleb.
 16748 | Orc:2    | Entered Level 2 of the Orcish Mines
 16757 | Orc:2    | Found Teitequle's General Store.
 16757 | Orc:2    | Noticed an orc warlord
 16773 | Orc:2    | Paralysed by an orc sorcerer for 3 turns
 16779 | Orc:2    | Killed an orc warlord
 16784 | Orc:2    | HP: 4/125 [orc warrior/+0 trident (7)]
 16784 | Orc:2    | Mangled by a troll

Illustrated notes

Levels and vault maps discovered:
D:1:      dpeg_arrival_brainrot, layout_rooms
D:2:      layout_basic, basic_altar
D:3:      layout_rooms
D:4:      layout_basic, grunt_qazlal_sundering, nicolae_dithmenos_shadow_blocks,
          uniq_edmund
D:5:      layout_rooms, minmay_temple_entry_grid
D:6:      layout_basic, mainiacjoe_overflow_alcove_2, minmay_misc_feat_columns,
          eino_tiny_chamber, kennysheep_diamond
D:7:      layout_gridville, gammafunk_temple_overflow_statue,
          minmay_misc_feat_rugged
D:8:      old_forge, layout_loops_ring, mainiacjoe_overflow_24_doors,
          overflow_temple_1_default, uniq_joseph
D:9:      layout_loops_ring, beargit_hepliaklqana_dungeon_heroes, serial_shops,
          nicolae_diamond_shop
D:10:     layout_gridville, vehumet_crystals, lemuel_doored_altar,
          bloody_makhleb, enter_bailey_2
D:11:     layout_cave_pods, lair_entry_dummy, uniq_grum, uniq_snorg,
          uniq_erolcha, uniq_lodul
D:12:     layout_basic, david_orc_3, portal_ice_cave_entry_animals_and_master,
          uniq_rupert
D:13:     layout_grid_maze, yredelemnul_altar_generic
Lair:1:   layout_misc_corridors, grunt_megastairs_2, infiniplex_staircase_pool_2
Lair:2:   layout_concentric_octagons, hellmonk_spider_entry_life_and_decay,
          hibernation_bobbens
Lair:3:   nzn_winding_woodlands_medium [nzn_winding_woodlands_5x5_perimeter,
          nzn_winding_woodlands_5x15_cabin, nzn_winding_woodlands_5x5_three,
          nzn_winding_woodlands_5x5_closed_star,
          nzn_winding_woodlands_center_diamonds,
          nzn_winding_woodlands_5x5_default, nzn_winding_woodlands_hourglass,
          nzn_winding_woodlands_5x15_pockets, nzn_winding_woodlands_5x5_cross],
          layout_concentric_octagons, skrybe_swamp_entry_bodies,
          serial_bayou_shore_a, lemuel_fruit_tree
Lair:4:   layout_regular_city, serial_bayou_shore_b
Lair:5:   due_jungle_book, layout_concentric_octagons, slime_entry_1,
          grunt_megastairs_5, uniq_sonja
Orc:1:    layout_diamond_mine, basic_altar, serial_shops, shop,
          nicolae_orc_lost_temple
Orc:2:    grunt_orc_gardens, layout_caves, grunt_orc_garden, grunt_orc_garden,
          grunt_orc_garden, grunt_orc_garden

Skill      XL: |  1  2  3  4  5  6  7  8  9 10 11 12 13 14 15 |
---------------+----------------------------------------------+-----
Invocations    | 1 2 3 4 5 6 7 8 10 11 | 11.4
Short Blades   | 1 2 3 5 6 7 8 9 10 | 10.5
Long Blades    | 1 2 3 5 6 7 8 9 10 | 10.5
Axes           | 1 2 3 5 6 7 8 9 10 | 10.5
Maces & Flails | 1 2 3 5 6 7 8 9 10 | 10.5
Polearms       | 1 2 3 5 6 7 8 9 10 | 10.5
Staves         | 1 2 3 5 6 7 8 9 10 | 10.5
Ranged Weapons | 1 2 3 5 6 7 8 9 10 | 10.5
Throwing       | 1 2 3 5 6 7 8 9 10 | 10.5
Dodging        | 1 2 3 5 6 7 8 9 10 | 10.5
Stealth        | 1 2 3 5 6 7 8 9 10 | 10.5
Unarmed Combat | 1 2 3 5 6 7 8 9 10 | 10.5
Spellcasting   | 1 2 3 5 6 7 8 9 10 | 10.5
Conjurations   | 1 2 3 4 5 6 7 8 |  8.8
Hexes          | 1 2 3 4 5 6 7 8 |  8.8
Summonings     | 1 2 3 4 5 6 7 8 |  8.8
Necromancy     | 1 2 3 4 5 6 7 8 |  8.8
Translocations | 1 2 3 4 5 6 7 8 |  8.8
Transmutations | 1 2 3 4 5 6 7 8 |  8.8
Fire Magic     | 1 2 3 4 5 6 7 8 |  8.8
Ice Magic      | 1 2 3 4 5 6 7 8 |  8.8
Air Magic      | 1 2 3 4 5 6 7 8 |  8.8
Earth Magic    | 1 2 3 4 5 6 7 8 |  8.8
Poison Magic   | 1 2 3 4 5 6 7 8 |  8.8
Shields        | 5 6 7 8 9 10 11 | 11.4
Evocations     | 5 6 7 8 9 10 11 | 11.4
Fighting       | 7 8 9 10 11 12 | 12.3
Armour         | 7 8 9 10 11 12 | 12.3

Action                   |  1- 3 |  4- 6 |  7- 9 | 10-12 | 13-15 || total
-------------------------+-------+-------+-------+-------+-------++-------
Melee: Dagger            |   160 |   144 |   492 |   157 |       ||   953
       Bite              |    20 |    22 |    71 |    70 |    87 ||   270
       Double sword      |       |       |       |   321 |   593 ||   914
Throw: Dart              |     2 |     2 |       |       |       ||     4
       Throwing net      |       |       |     1 |       |       ||     1
 Cast: Call Canine Famil |       |       |       |     1 |       ||     1
Invok: Curse Item        |     1 |     1 |     1 |     2 |     1 ||     6
       Shatter the Chain |       |       |       |       |     1 ||     1
Evoke: Wand              |       |       |    20 |     6 |    10 ||    36
       Phial of floods   |       |       |       |     1 |     1 ||     2
       Lightning rod     |       |       |       |       |     1 ||     1
       Tin of tremorston |       |       |       |       |     2 ||     2
  Use: Potion            |     1 |     1 |     1 |     4 |     2 ||     9
       Scroll            |       |       |       |       |     1 ||     1
 Stab: Sleeping          |       |       |       |     5 |     6 ||    11
       Distracted        |       |       |       |     1 |     2 ||     3
Armor: Scale mail        |    93 |    52 |   167 |   165 |   245 ||   722
       Ring mail         |       |    19 |       |       |       ||    19
       Crystal plate arm |       |       |       |       |   129 ||   129
       Skin              |       |       |       |       |     1 ||     1
Dodge: Dodged            |    47 |    68 |   168 |   244 |   265 ||   792
Block: Buckler           |    62 |    59 |   206 |   247 |   320 ||   894

Table legend: (Time is in decaauts)
 A = Elapsed time spent in this place.
 B = Non-inter-level travel time spent in this place.
 C = Inter-level travel time spent in this place.
 D = Time resting spent in this place.
 E = Time spent auto-exploring this place.
 F = Levels seen in this place.
 G = Mean time per level.
                   A        B        C        D        E       F      G
               +--------+--------+--------+--------+--------+-----+--------+
         Total |  16691 |  16024 |    667 |   2162 |   9375 |  22 |  758.7 |
       Dungeon |  10129 |   9634 |    495 |   1051 |   6126 |  13 |  779.2 |
          Lair |   5075 |   4905 |    170 |    615 |   2940 |   5 | 1015.0 |
  Orcish Mines |    232 |    230 |      2 |      0 |    166 |   2 |  116.0 |
        Bailey |    329 |    329 |      0 |    100 |     67 |   1 |  329.0 |
      Ice Cave |    925 |    925 |      0 |    396 |     76 |   1 |  925.0 |
               +--------+--------+--------+--------+--------+-----+--------+

Top non-repeatable levels by time:
  Lair:5: 1537 daAuts
     D:8: 1173 daAuts
     D:7: 1097 daAuts
  Lair:4: 1096 daAuts
  Lair:3: 999 daAuts
    D:10: 961 daAuts
     D:6: 960 daAuts
   IceCv: 925 daAuts
    D:11: 895 daAuts
     D:2: 851 daAuts
     D:5: 843 daAuts
  Lair:2: 834 daAuts
     D:1: 832 daAuts
    D:12: 800 daAuts
     D:9: 673 daAuts
